Map: New Repugnancy LE

Players

Frost - Winner!

  • Race: Terran Terran
  • League: Master
  • Spawn Location: 7:00

Mez

  • Race: Terran Terran
  • League: Master
  • Spawn Location: 1:00

VOD

Have the link to the VOD?

Description

Time

  • Played on: Aug. 19, 2019, 5:30 p.m.
  • Length: 2:53
Show
View Real Time Build Order
Export as new Build Order

Frost Terran - Winner!

Build Orders:  

Get SALT Encoding   

  12  0:00  SCV  
  13  0:13  SCV  
  14  0:17  Supply Depot  
  14  0:26  SCV  
  15  0:39  Barracks  
  15  0:44  Refinery  
  15  0:57  Barracks  
  15  1:03  SCV  
  16  1:09  Refinery  
  16  1:15  SCV  
  17  1:27  Reaper  
  17  1:29  SCV  
  19  1:37  Supply Depot  
  19  1:44  Reaper  
  20  1:54  SCV  
  20  1:59  Reaper  
  20  2:16  Reaper  
  22  2:41  Factory  
Show
View Real Time Build Order
Export as new Build Order

Mez Terran 

Build Orders: Reaper Expand 

Get SALT Encoding   

  12  0:01  SCV  
  13  0:13  SCV  
  14  0:19  Supply Depot  
  14  0:26  SCV  
  15  0:40  SCV  
  15  0:42  Barracks  
  16  0:46  Refinery  
  16  0:52  SCV  
  17  1:04  SCV  
  18  1:17  SCV  
  19  1:29  Reaper, Orbital Command  
  20  1:41  Command Center  
  20  1:47  Refinery  
  20  1:53  Supply Depot  
  20  1:58  SCV  
  21  2:02  Barracks Reactor  
  21  2:20  SCV  
  21  2:35  SCV  
  21  2:40  Factory  
Tags
 
Add a new tag
Caveats
  • Supply blocks, unpowered buildings, or Contaminate may cause inaccurate times.
  • Supply counts are checked every 10 seconds.